 Dungeon Crawl Stone Soup version 0.24-a0-264-gf46a388 (webtiles) character file.

Game seed: 14834254242961310270

4050 Lanoc the Cleaver (level 10, -2/86 HPs)
             Began as a Purple Draconian Gladiator on Apr 19, 2019.
             Was a Believer of Uskayaw.
             Slain by an orc warrior
             ... wielding a +0 battleaxe
              (22 damage)
             ... on level 9 of the Dungeon.
             The game lasted 00:14:44 (8568 turns).

Lanoc the Cleaver (Purple Draconian Gladiator)      Turns: 8568, Time: 00:14:45

Health: -2/86      AC:  7    Str: 16    XL:     10   Next: 4%
Magic:  15/15      EV: 17    Int: 14    God:    Uskayaw [**....]
Gold:   500        SH:  0    Dex: 19    Spells: 9/9 levels left

rFire    . . .     SeeInvis .   a - +0 war axe
rCold    . . .     Gourm    .   (no shield)
rNeg     . . .     Faith    .   (armour unavailable)
rPois    .         Spirit   .   b - +0 hat
rElec    .         Reflect  .   w - scarf {cloud immunity}
rCorr    .         Harm     .   (no gloves)
MR       +....                  (no boots)
Stlth    ++........             (no amulet)
HPRegen  0.24/turn              p - +3 ring of dexterity
MPRegen  0.14/turn              r - +5 ring of intelligence

@: no status effects
A: breathe power, unfitting armour, cold-blooded, AC +7
a: Breathe Dispelling Energy, Stomp, Line Pass, Renounce Religion


You were on level 9 of the Dungeon.
You worshipped Uskayaw.
Uskayaw was noncommittal.
You were not hungry.

You visited 2 branches of the dungeon, and saw 10 of its levels.

You collected 500 gold pieces.

Inventory:

Hand Weapons
 a - a +0 war axe (weapon)
Missiles
 y - 2 throwing nets (quivered)
Armour
 b - a +0 hat (worn)
 m - a +2 cloak
 w - a scarf of cloud immunity (worn)
Jewellery
 p - a +3 ring of dexterity (left hand)
 r - a +5 ring of intelligence (right hand)
Wands
 c - a wand of flame (5)
 u - a wand of enslavement (4)
 z - a wand of disintegration (13)
Scrolls
 e - a scroll of random uselessness {unknown}
 f - a scroll of amnesia {unknown}
 g - 3 scrolls of enchant armour {unknown}
 h - 4 scrolls of remove curse
 i - 4 scrolls of teleportation {unknown}
 j - 2 scrolls of enchant weapon {unknown}
 k - 2 scrolls of magic mapping {unknown}
 l - a scroll of fear
 s - a scroll of summoning
Potions
 o - 3 potions of lignification
 q - 3 potions of curing
 t - a potion of brilliance
 v - 2 potions of resistance
 x - a potion of haste
Comestibles
 d - 15 rations


   Skills:
 + Level 7.3 Fighting
 * Level 9.6 Axes
 - Level 1.7 Throwing
 + Level 6.4 Dodging
 * Level 7.5 Invocations


You had 9 spell levels left.
You didn't know any spells.
Your spell library contained the following spells:

 Spells                   Type           Power        Failure   Level  Hunger
 Freeze                   Ice            #...         28%         1    ##.....
 Throw Frost              Conj/Ice       #.....       41%         2    ###....
 Ozocubu's Armour         Chrm/Ice       #.......     65%         3    ####...
 Summon Ice Beast         Ice/Summ       #.......     96%         4    #####..
 Throw Icicle             Conj/Ice       #.......     96%         4    #####..


Dungeon Overview and Level Annotations

Branches:
Dungeon (9/15)             Temple (1/1) D:5            Lair (0/6) D:9
    Orc (0/2) D:9

Altars:
Dithmenos
Elyvilon
Fedhas
Gozag
Hepliaklqana
Nemelex Xobeh
Okawaru
Ru
Trog
Uskayaw
Xom
Beogh

Shops:
D:6 }

Annotations:
D:6 3 runed translucent doors, Dominolapin's ghost, novice NaVM
D:8 1 runed translucent door, Azzok's ghost, novice TrFi


Innate Abilities, Weirdness & Mutations

You can breathe bolts of dispelling energy.
Your rich purple scales are hard. (AC +7)
You cannot fit into any form of body armour.
You are cold-blooded and may be slowed by cold attacks.


Message History

You slash the orc warrior!
Your tail-slap misses the orc warrior.
The orc warrior is severely wounded.
You can now pass through a line of other dancers.
You hit the orc warrior.
The orc warrior is almost dead.
The orc warrior hits you with a +0 battleaxe!!
You are too injured to fight recklessly!
You are too injured to fight recklessly!
You hit the orc warrior but do no damage.
The orc warrior is almost dead.
The orc warrior hits you with a +0 battleaxe!
* * * LOW HITPOINT WARNING * * *
You closely miss the orc warrior.
Your tail-slap misses the orc warrior.
The orc warrior is almost dead.
The orc warrior hits you with a +0 battleaxe.
* * * LOW HITPOINT WARNING * * *
You hit the orc warrior.
The orc warrior is almost dead.
The orc warrior hits you with a +0 battleaxe!!
You die...

....#8....##########
....#..............#
._..'..>.####.####.# #######
....#....####.##...# #.....#
....#8...#<...##.##########.###.#
########.###.........(.#....# #.#
...##)..))##......####.#.#### #.#
....))..).÷......>......>## #.#
#(###)...÷##....@o##.#....# #.#
#.# ########......##.###..# #.#
#.# #.)....##.#....# #.# #.#
###..[)...#.##.#####.# #.#
#.........##.......# #.#
#.......############ #.#
#.......# #.......### #
#......<..#


You could see an orc warrior.

Vanquished Creatures
  A hippogriff (D:9)
  3 yaks (D:9)
  A steam dragon (D:8)
  Menkaure (D:7)
  Duvessa (D:7)
  4 sky beasts
  3 orc warriors
  A water moccasin (D:8)
  An ice beast (D:6)
  An ogre (D:7)
  An eye of draining (D:9)
  A necrophage (D:9)
  3 centaurs
  3 big kobolds (D:9)
  2 bullfrogs
  2 scorpions
  Dowan (D:7)
  3 wights (D:6)
  2 howler monkeys
  4 crimson imps
  A centaur zombie (D:9)
  A quasit (D:8)
  5 hounds
  3 orc priests
  3 iguanas
  9 orc wizards
  3 worker ants
  A hound zombie (D:5)
  2 hound skeletons (D:7)
  A gnoll (D:3)
  7 adders
  2 shadow imps
  An ooze (D:3)
  An adder skeleton (D:9)
  2 adder zombies
  3 worms
  2 dart slugs
  3 leopard geckos
  30 orcs
  11 bats
  2 giant cockroaches
  A goblin (D:1)
  13 hobgoblins
  2 jackals (D:7)
  3 quokkas
  A ball python (D:2)
  5 frilled lizards
  20 kobolds
  4 rats
181 creatures vanquished.

Notes
Turn   | Place    | Note
-------+----------+-------------------------------------------
     0 | D:1      | Lanoc the Draconian Gladiator began the quest for the Orb.
     0 | D:1      | Reached XP level 1. HP: 17/17 MP: 1/1
   305 | D:1      | Reached XP level 2. HP: 25/25 MP: 2/2
   469 | D:2      | Reached XP level 3. HP: 17/30 MP: 3/3
   975 | D:2      | Noticed a sky beast
   991 | D:2      | Killed a sky beast
   991 | D:2      | Reached skill level 4 in Axes
   991 | D:2      | Reached XP level 4. HP: 14/38 MP: 4/4
   991 | D:2      | Reached XP level 5. HP: 17/45 MP: 5/5
  1366 | D:2      | You fall through a shaft!
  1612 | D:3      | Found a bloodstained altar of Trog.
  2115 | D:3      | Found an iron altar of Okawaru.
  2125 | D:3      | Reached skill level 5 in Axes
  2604 | D:4      | Reached XP level 6. HP: 48/52 MP: 6/6
  2666 | D:4      | Noticed a sky beast
  2681 | D:4      | Killed a sky beast
  3062 | D:4      | You fall through a shaft!
  3062 | D:5      | Entered Level 5 of the Dungeon
  3095 | D:5      | Found a staircase to the Ecumenical Temple.
  3113 | Temple   | Entered the Ecumenical Temple
  3135 | Temple   | Became a worshipper of Uskayaw the Reveler
  3247 | D:5      | Reached * piety under Uskayaw
  3254 | D:5      | Reached skill level 6 in Axes
  3254 | D:5      | Reached ** piety under Uskayaw
  3306 | D:5      | Your scales start taking on a rich purple colour.
  3306 | D:5      | Reached XP level 7. HP: 44/60 MP: 7/7
  3607 | D:5      | Reached *** piety under Uskayaw
  3609 | D:5      | Reached **** piety under Uskayaw
  3950 | D:6      | Found a hazy altar of Hepliaklqana.
  3950 | D:6      | Found a blossoming altar of Fedhas.
  3990 | D:6      | Found a sacrificial altar of Ru.
  4017 | D:6      | You fall through a shaft for 2 floors!
  4017 | D:8      | Noticed a steam dragon
  4031 | D:8      | Killed a steam dragon
  4031 | D:8      | Reached skill level 5 in Fighting
  4031 | D:8      | Reached skill level 1 in Invocations
  4427 | D:8      | Reached skill level 7 in Axes
  4427 | D:8      | Reached XP level 8. HP: 12/68 MP: 9/9
  4771 | D:8      | Found a runed translucent door.
  4771 | D:8      | Found a shimmering altar of Xom.
  4771 | D:8      | Noticed Azzok's ghost (novice TrFi)
  4771 | D:8      | Noticed a +3 scimitar of chaos
  4960 | D:8      | Reached skill level 5 in Dodging
  5485 | D:8      | Found a shadowy altar of Dithmenos.
  5698 | D:7      | Noticed Duvessa
  5698 | D:7      | Noticed Dowan
  5707 | D:7      | Killed Dowan
  5711 | D:7      | HP: 2/70 [Duvessa/+0 rapier (12)]
  6099 | D:6      | Found a white marble altar of Elyvilon.
  6109 | D:6      | Found Zixah's Gadget Boutique.
  6120 | D:6      | Reached skill level 8 in Axes
  6280 | D:6      | Reached skill level 5 in Invocations
  6283 | D:6      | Reached XP level 9. HP: 45/75 MP: 12/12
  6324 | D:6      | Found a runed translucent gate.
  6326 | D:6      | Found a runed translucent gate.
  6326 | D:6      | Found a runed translucent gate.
  6326 | D:6      | Noticed Dominolapin's ghost (novice NaVM)
  6885 | D:6      | Found an opulent altar of Gozag.
  6885 | D:6      | Found a sparkling altar of Nemelex Xobeh.
  7239 | D:7      | Killed Duvessa
  7265 | D:7      | Noticed Menkaure
  7273 | D:7      | Killed Menkaure
  7821 | D:9      | Found a staircase to the Lair.
  7991 | D:9      | Reached ***** piety under Uskayaw
  8025 | D:9      | Reached skill level 9 in Axes
  8294 | D:9      | Found a staircase to the Orcish Mines.
  8321 | D:9      | Reached ****** piety under Uskayaw
  8322 | D:9      | Reached XP level 10. HP: 8/86 MP: 15/15
  8537 | D:9      | Found a roughly hewn altar of Beogh.
  8568 | D:9      | Slain by an orc warrior

Levels and vault maps discovered:
D:1:      onia_arrival_pyramid, layout_loops_corners
D:2:      layout_basic, minmay_tetromino_i4
D:3:      layout_basic, okawaru_altar_gauntlet_db, trog_three_pillars_becter
D:4:      layout_loops_ring, first_ration
D:5:      layout_basic, minmay_temple_entry_overgrown
D:6:      layout_layer_cave, grunt_temple_overflow_opulence,
          grunt_temple_overflow_open, serial_shops, nicolae_shop_stone,
          gammafunk_ghost_split
D:7:      layout_loops_ring, grunt_ogre_cave, minivault_27, minmay_statues_item,
          uniq_menkaure, uniq_duvessa
D:8:      layout_gridville, grunt_dithmenos_smoke_and_mirrors, ebering_ghost_xom
D:9:      layout_basic, grunt_temple_overflow_champion_of_chaos,
          lair_entry_dummy, minmay_orc_entry_temple_small,
          hangedman_abyss_or_decor_passed
Temple:   minmay_temple_forest_path

Skill      XL: |  1  2  3  4  5  6  7  8  9 |
---------------+----------------------------+-----
Dodging        | 3 4 5 6 |  6.4
Fighting       | 3 4 5 6 7 |  7.3
Axes           | 4 5 6 7 8 9 |  9.6
Invocations    | 2 5 7 |  7.5
Throwing       | |  1.7

Action                   |  1- 3 |  4- 6 |  7- 9 | 10-12 || total
-------------------------+-------+-------+-------+-------++-------
Melee: War axe           |    89 |   156 |   332 |    15 ||   592
       Tailslap          |     8 |    14 |    62 |     1 ||    85
Throw: Throwing net      |       |       |     4 |       ||     4
 Abil: Breathe Dispellin |       |       |     2 |       ||     2
  Use: Scroll            |       |       |     8 |       ||     8
       Potion            |       |       |     5 |       ||     5
 Stab: Sleeping          |     1 |     3 |     7 |       ||    11
       Paralysed         |       |       |    35 |       ||    35
       Distracted        |       |       |     1 |       ||     1
       Held in net/web   |       |       |     1 |       ||     1
  Eat: Chunk             |       |     8 |     9 |     1 ||    18
       Ration            |       |       |     2 |       ||     2
Armor: Skin              |    44 |    52 |    89 |     1 ||   186
Dodge: Dodged            |    81 |   120 |   288 |     6 ||   495

Table legend:
 A = Non-vault XP
 B = Vault XP
 C = Vault XP percentage of total XP
 D = Non-vault monster count
 E = Vault monster count
 F = Vault count percentage of total count
                 A         B        C        D         E       F
            +---------+---------+-------+---------+---------+-------
      Total |    4913 |     873 |  15.1 |     161 |      20 |  11.0
            +---------+---------+-------+---------+---------+-------
        D:1 |      28 |       0 |   0.0 |      15 |       0 |   0.0
        D:2 |     193 |       1 |   0.5 |      20 |       1 |   4.8
        D:3 |      83 |      25 |  23.1 |      18 |       6 |  25.0
        D:4 |     321 |       0 |   0.0 |      10 |       0 |   0.0
        D:5 |     349 |       0 |   0.0 |      13 |       0 |   0.0
        D:6 |     797 |       0 |   0.0 |      18 |       0 |   0.0
        D:7 |     134 |     512 |  79.3 |      10 |       4 |  28.6
        D:8 |    1096 |       0 |   0.0 |      22 |       0 |   0.0
        D:9 |    1912 |     335 |  14.9 |      35 |       9 |  20.5
            +---------+---------+-------+---------+---------+-------
